 Dungeon Crawl Stone Soup version 0.18-a0-1643-gb89d9db (webtiles) character file.

124 Oddball22 the Skirmisher (level 4, -1/38 HPs)
             Began as a Demonspawn Monk on Mar 28, 2016.
             Killed from afar by an orc wizard (5 damage)
             ... with a magic dart
             ... on level 3 of the Dungeon.
             The game lasted 00:15:55 (3506 turns).

Oddball22 the Skirmisher (Demonspawn Monk)          Turns: 3506, Time: 00:15:56

Health: -1/38      AC:  3    Str:  9 (11) XL:     4   Next: 81%
Magic:  4/4        EV: 13    Int:  9 (12) God:
Gold:   66         SH:  0    Dex: 13 (16) Spells: 0 memorised, 3 levels left

rFire  . . .     SeeInvis .       - Unarmed
rCold  . . .     Gourm    .     a - +0 robe
rNeg   . . .     Faith    .     (no shield)
rPois  .         Spirit   .     (no helmet)
rElec  .         Dismiss  .     (no cloak)
rCorr  .         Reflect  .     (no gloves)
SustAt .         Harm     .     (no boots)
MR     .....                    (no amulet)
Stlth  +++.......               (no ring)
                                (no ring)

@: lethally poisoned (-1 -> -4), not resistant to hostile enchantments, fairly
stealthy
A: molten scales 1, nightstalker 1, powered by pain 1
a: no special abilities


You were on level 3 of the Dungeon.
You were not hungry.

You visited 1 branch of the dungeon, and saw 3 of its levels.

You collected 66 gold pieces.

Inventory:

Armour
 a - a +0 robe (worn)
Scrolls
 c - 2 scrolls of immolation {unknown}
 d - a scroll of remove curse
 j - 2 scrolls of recharging {unknown}
 k - 3 scrolls of identify {unknown}
 l - a scroll of noise {unknown}
Comestibles
 b - 4 bread rations
 f - 3 meat rations
 m - a beef jerky
 n - 2 chunks of flesh


   Skills:
 * Level 4.4 Fighting
 + Level 3.2 Dodging
 - Level 1.7 Stealth
 + Level 4.3 Unarmed Combat


You had 3 spell levels left.
You didn't know any spells.

Dungeon Overview and Level Annotations

Branches:
Dungeon (3/15)

Altars:


Innate Abilities, Weirdness & Mutations

You are partially covered in molten scales (AC +1).
You are slightly more attuned to the shadows.
You sometimes gain a little power by taking damage.


Message History

You feel magically purged.
You feel a little less mighty now.
You feel sick. The orc wizard closely misses you.
The adder bites you but does no damage.
You miss the adder.
The adder is almost dead.
You float gracefully downwards.
The adder closely misses you. The orc wizard barely misses you.
You closely miss the adder.
The adder is almost dead.
You feel sick. The adder bites you but does no damage.
The orc wizard casts a spell at you. The magic dart hits you!
* * * LOW HITPOINT WARNING * * *
You closely miss the adder.
The adder is almost dead.
The adder bites you but does no damage. The orc wizard casts a spell at you.
The magic dart hits you!
You die...

# # ######## #
#......########
#.####.#......#
##.####.#.####.#
##...........##..
#####...####.#.#.....
#SoS@o.......#.####..
#o###...######.####.#
#.# ##### ####......#
#.# #......#### #S#
#.####.#### #o#
)...#.##.. .o.
........>.. ..o
.....#.##.. ...
.....#.##.#


You could see an orc wizard, 2 adders and 2 orcs.

Vanquished Creatures
  5 adders
  2 oozes
  3 giant geckos
  6 orcs (D:3)
  3 giant cockroaches
  7 goblins
  6 hobgoblins
  2 jackals (D:1)
  8 kobolds
  2 ball pythons (D:1)
  4 bats
  7 giant newts
  9 rats
64 creatures vanquished.

Notes
Turn   | Place    | Note
--------------------------------------------------------------
     0 | D:1      | Oddball22 the Demonspawn Monk began the quest for the Orb.
     0 | D:1      | Reached XP level 1. HP: 18/18 MP: 1/1
   240 | D:1      | Gained mutation: You are partially covered in molten scales (AC +1). [demonic ancestry]
   240 | D:1      | Reached XP level 2. HP: 20/24 MP: 2/2
  1426 | D:2      | Gained mutation: You are slightly more attuned to the shadows. [demonic ancestry]
  1426 | D:2      | Reached XP level 3. HP: 24/29 MP: 3/3
  2131 | D:2      | Gained mutation: You sometimes gain a little power by taking damage. [demonic ancestry]
  2131 | D:2      | Reached XP level 4. HP: 34/37 MP: 4/4
  3506 | D:3      | Killed from afar by an orc wizard

Vault maps used:
D:1:      dpeg_arrival_simpleton_b
D:3:      nemelex_xobeh_ov_fountains_minmay, first_bread,
          kennysheep_okawaru_gauntlet

Skill      XL: |  1  2  3 |
---------------+----------+-----
Dodging        | 3 |  3.2
Unarmed Combat | 4 |  4.3
Fighting       | 4 |  4.4
Stealth        | |  1.7

Action                   |  1- 3 |  4- 6 || total
-------------------------+-------+-------++-------
Melee: Unarmed           |   149 |    93 ||   242
  Use: Scroll            |     2 |       ||     2
       Potion            |       |     4 ||     4
 Stab: Distracted        |     2 |       ||     2
       Sleeping          |     2 |     4 ||     6
  Eat: Chunk             |     4 |     4 ||     8
